 Dungeon Crawl Stone Soup version 0.22.1-2-g9c5b331383 (webtiles) character file.

128 RUZZLEFAZAZZLE the Grasshopper (level 5, -3/64 HPs)
             Began as a Gnoll Warper on Nov 23, 2018.
             Killed from afar by an orc wizard (6 damage)
             ... with a puff of frost
             ... on level 3 of the Dungeon on Nov 28, 2018.
             The game lasted 00:07:20 (1755 turns).

RUZZLEFAZAZZLE the Grasshopper (Gnoll Warper)       Turns: 1755, Time: 00:07:21

Health: -3/64      AC:  3    Str: 19    XL:     5   Next: 12%
Magic:  12/12      EV: 14    Int: 18    God:
Gold:   124        SH:  0    Dex: 14    Spells: 12/14 levels left

rFire    . . .     SeeInvis .   a - +0 short sword
rCold    . . .     Gourm    .   (no shield)
rNeg     . . .     Faith    .   b - +0 leather armour
rPois    .         Spirit   .   (no helmet)
rElec    .         Reflect  .   (no cloak)
rCorr    .         Harm     .   (no gloves)
MR       .....                  (no boots)
Stlth    ..........             (no amulet)
HPRegen  0.20/turn              (no ring)
MPRegen  0.13/turn              (no ring)

@: mighty, berserking (expiring), very quick
A: distributed training, claws 1, fangs 1, clever 1, strong nose
a: no special abilities


You were on level 3 of the Dungeon.
You were not hungry.

You visited 1 branch of the dungeon, and saw 3 of its levels.

You collected 124 gold pieces.

Inventory:

Hand Weapons
 a - a +0 short sword (weapon)
Missiles
 e - 5 tomahawks of dispersal (quivered)
 n - 4 javelins
Armour
 b - a +0 leather armour (worn)
 q - a cursed +0 ring mail
Scrolls
 d - a scroll of blinking
 i - a scroll of enchant weapon {unknown}
 j - a scroll of amnesia {unknown}
 l - a scroll of remove curse {unknown}
 r - 2 scrolls of teleportation {unknown}
 s - a scroll of random uselessness {unknown}
Potions
 m - a potion of curing {unknown}
 p - a potion of haste {unknown}
Comestibles
 f - 2 rations
 o - 4 chunks of flesh


   Skills:
 + Level 4.7 Fighting
 + Level 4.7 Short Blades
 + Level 1.3 Long Blades
 + Level 1.3 Axes
 + Level 1.3 Maces & Flails
 + Level 1.3 Polearms
 + Level 1.3 Staves
 + Level 1.3 Slings
 + Level 1.3 Bows
 + Level 1.3 Crossbows
 + Level 2.9 Throwing
 + Level 2.9 Armour
 + Level 4.7 Dodging
 + Level 1.3 Stealth
 + Level 1.3 Shields
 + Level 1.3 Unarmed Combat
 + Level 5.1 Spellcasting
 + Level 1.1 Conjurations
 + Level 1.1 Hexes
 + Level 1.1 Charms
 + Level 1.1 Summonings
 + Level 1.1 Necromancy
 + Level 5.5 Translocations
 + Level 1.1 Transmutations
 + Level 1.1 Fire Magic
 + Level 1.1 Ice Magic
 + Level 1.1 Air Magic
 + Level 1.1 Earth Magic
 + Level 1.1 Poison Magic
 + Level 1.5 Invocations
 + Level 1.3 Evocations


You had 12 spell levels left.
You knew the following spells:

 Your Spells              Type           Power        Failure   Level  Hunger
a - Blink                 Tloc           N/A          2%          2    #......

Your spell library contained the following spells:

 Spells                   Type           Power        Failure   Level  Hunger
 Gell's Gravitas          Tloc           ###.......   4%          3    ##.....
 Lesser Beckoning         Tloc           ###.......   4%          3    ##.....
 Teleport Other           Tloc           ###.....     4%          3    ##.....
 Shroud of Golubria       Chrm/Tloc      ###.......   6%          2    #......
 Passage of Golubria      Tloc           N/A          16%         4    ####...


Dungeon Overview and Level Annotations

Branches:
Dungeon (3/15)

Altars:
Kikubaaqudgha

Annotations:
D:3 Terence


Innate Abilities, Weirdness & Mutations

Your experience applies equally to all skills.
You have very sharp teeth.
Your uncanny sense of smell can sniff out nearby items.
You have sharp fingernails.
Your mind is acute. (Int +2)


Message History

The adder is severely wounded.
You puncture the adder!
You kill the adder!
Something hits you.
* * * LOW HITPOINT WARNING * * *
You hit Terence. Your bite misses Terence.
Terence is lightly wounded.
You hear some strange, mumbled words.
A magic dart appears from out of thin air!
The magic dart hits you!
* * * LOW HITPOINT WARNING * * *
You hit Terence but do no damage.
Terence is lightly wounded.
Terence closely misses you.
You hit Terence.
Terence is moderately wounded.
You hear some strange, mumbled words.
A puff of frost appears from out of thin air!
The puff of frost hits you!
You die...

###### .. ### ####....# #.# #.##
#######.......# ##..###
###..#####......(...#### ......
....).........#.####### #. ..#
###..###.......#.###.... #.##.#
#....###........_..#.###
#..#.###)#.oo@@.......#.#...###
####.#...o....o).##.......#..###.
......o#######..........####.....
...[..###$⌠$###.#.......#####.###
...{S.##.....##..................
.....o#.......#.......>..........
......#.......#........÷..#.##...
......#.......#.............##.##
....og#.......#...........####.#


You could see Terence and 4 orcs.

Vanquished Creatures
  An orc priest (D:3)
  2 adders (D:3)
  An ooze (D:3)
  A worm (D:2)
  4 dart slugs
  3 leopard geckos (D:2)
  An orc (D:3)
  A ball python (D:2)
  4 bats
  2 giant cockroaches
  12 goblins
  3 hobgoblins (D:1)
  6 jackals
  2 quokkas
  3 frilled lizards
  6 kobolds
  6 rats
58 creatures vanquished.

Notes
Turn   | Place    | Note
-------+----------+-------------------------------------------
     0 | D:1      | RUZZLEFAZAZZLE the Gnoll Warper began the quest for the
                  | Orb.
     0 | D:1      | Reached XP level 1. HP: 20/20 MP: 6/6
    58 | D:1      | Reached XP level 2. HP: 22/26 MP: 7/7
    90 | D:1      | Learned a level 2 spell: Blink
   317 | D:1      | Reached XP level 3. HP: 27/31 MP: 9/9
   418 | D:1      | Reached skill level 5 in Spellcasting
   771 | D:2      | Reached skill level 1 in Invocations
  1121 | D:2      | Reached skill level 1 in Long Blades
  1121 | D:2      | Reached skill level 1 in Axes
  1121 | D:2      | Reached skill level 1 in Maces & Flails
  1121 | D:2      | Reached skill level 1 in Polearms
  1121 | D:2      | Reached skill level 1 in Staves
  1121 | D:2      | Reached skill level 1 in Slings
  1121 | D:2      | Reached skill level 1 in Bows
  1121 | D:2      | Reached skill level 1 in Crossbows
  1121 | D:2      | Reached skill level 1 in Stealth
  1121 | D:2      | Reached skill level 1 in Shields
  1121 | D:2      | Reached skill level 1 in Unarmed Combat
  1121 | D:2      | Reached skill level 1 in Evocations
  1271 | D:2      | Reached XP level 4. HP: 37/38 MP: 11/11
  1606 | D:3      | Found an ancient bone altar of Kikubaaqudgha.
  1718 | D:3      | Reached skill level 1 in Conjurations
  1718 | D:3      | Reached skill level 1 in Hexes
  1718 | D:3      | Reached skill level 1 in Charms
  1718 | D:3      | Reached skill level 1 in Summonings
  1718 | D:3      | Reached skill level 1 in Necromancy
  1718 | D:3      | Reached skill level 1 in Transmutations
  1718 | D:3      | Reached skill level 1 in Fire Magic
  1718 | D:3      | Reached skill level 1 in Ice Magic
  1718 | D:3      | Reached skill level 1 in Air Magic
  1718 | D:3      | Reached skill level 1 in Earth Magic
  1718 | D:3      | Reached skill level 1 in Poison Magic
  1718 | D:3      | Reached XP level 5. HP: 21/43 MP: 12/12
  1721 | D:3      | Noticed Terence
  1738 | D:3      | Gained mutation: Your body sometimes deteriorates upon
                  | taking damage. [potion of mutation]
  1738 | D:3      | Gained mutation: You are resistant to electric shocks.
                  | (rElec) [potion of mutation]
  1740 | D:3      | Lost mutation: You are resistant to electric shocks.
                  | (rElec) [potion of mutation]
  1740 | D:3      | Lost mutation: Your body sometimes deteriorates upon taking
                  | damage. [potion of mutation]
  1740 | D:3      | Gained mutation: Your body sometimes deteriorates upon
                  | taking damage. [potion of mutation]
  1740 | D:3      | Lost mutation: Your body sometimes deteriorates upon taking
                  | damage. [potion of mutation]
  1740 | D:3      | Gained mutation: Your mind is acute. (Int +2) [potion of
                  | mutation]
  1740 | D:3      | Gained mutation: You have sharp fingernails. [potion of
                  | mutation]
  1753 | D:3      | HP: 3/64 [something/magic dart (7)]
  1755 | D:3      | Killed from afar by an orc wizard

Skill      XL: |  1  2  3  4 |
---------------+-------------+-----
Spellcasting   | 5 |  5.1
Invocations    | 1 |  1.5
Long Blades    | 1 |  1.3
Axes           | 1 |  1.3
Maces & Flails | 1 |  1.3
Polearms       | 1 |  1.3
Staves         | 1 |  1.3
Slings         | 1 |  1.3
Bows           | 1 |  1.3
Crossbows      | 1 |  1.3
Stealth        | 1 |  1.3
Shields        | 1 |  1.3
Unarmed Combat | 1 |  1.3
Evocations     | 1 |  1.3
Conjurations   | 1 |  1.1
Hexes          | 1 |  1.1
Charms         | 1 |  1.1
Summonings     | 1 |  1.1
Necromancy     | 1 |  1.1
Transmutations | 1 |  1.1
Fire Magic     | 1 |  1.1
Ice Magic      | 1 |  1.1
Air Magic      | 1 |  1.1
Earth Magic    | 1 |  1.1
Poison Magic   | 1 |  1.1
Fighting       | |  4.7
Short Blades   | |  4.7
Throwing       | |  2.9
Armour         | |  2.9
Dodging        | |  4.7
Translocations | |  5.5

Action                   |  1- 3 |  4- 6 || total
-------------------------+-------+-------++-------
Melee: Short sword       |   134 |    79 ||   213
       Bite              |     9 |     4 ||    13
 Cast: Blink             |     1 |     1 ||     2
  Use: Scroll            |       |     2 ||     2
       Potion            |       |     4 ||     4
  Eat: Ration            |     1 |       ||     1
Armor: Leather armour    |    23 |    23 ||    46
Dodge: Dodged            |    83 |    71 ||   154
